 Dungeon Crawl Stone Soup version 0.23.1-37-gaa34b87 (webtiles) character file.

Game seed: 16014009939996847330

3027 vishdafish the Grappler (level 9, -1/57 (58) HPs)
             Began as an Octopode Fighter on Mar 22, 2019.
             Was an Initiate of Gozag.
             Slain by a wyvern skeleton (15 damage)
             ... on level 8 of the Dungeon.
             The game lasted 00:10:22 (6004 turns).

vishdafish the Grappler (Octopode Fighter)          Turns: 6004, Time: 00:10:23

HP:   -1/57 (58)    AC:  1    Str: 16    XL:     9   Next: 85%
MP:   13/13         EV: 12    Int: 13    God:    Gozag
Gold: 30            SH:  9    Dex: 11    Spells: 8/8 levels left

rFire    . . .     SeeInvis +     - Unarmed
rCold    . . .     Gourm    .   a - +0 shield
rNeg     . . .     Faith    .   (helmet restricted)
rPois    .         Spirit   .   p - amulet of rage
rElec    .         Reflect  .   b - ring of stealth
rCorr    .         Harm     .   D - ring of flight
MR       .....                  o - ring of see invisible
Stlth    +++++.....             G - ring of stealth (curse)
HPRegen  0.19/turn              (no ring)
MPRegen  0.13/turn              (no ring)
                                (no ring)
                                (no ring)

@: gold aura, berserk cooldown, slowed, very slow
A: almost no armour, stealthy swim, amphibious, 8 rings, constrict 8, camouflage
1, gelatinous body 1
a: Potion Petition, Call Merchant, Bribe Branch, Renounce Religion, Evoke
Berserk Rage, Evoke Flight


You were on level 8 of the Dungeon.
You worshipped Gozag.
Gozag was noncommittal.
You were not hungry.

You visited 1 branch of the dungeon, and saw 8 of its levels.

You collected 916 gold pieces.
You paid 886 gold pieces to Gozag.

Inventory:

Missiles
 e - 11 tomahawks (quivered)
 v - a throwing net
Armour
 a - a +0 shield (worn)
Jewellery
 b - a ring of stealth (left tentacle)
 d - an uncursed amulet of regeneration
 o - a ring of see invisible (on tentacle)
 p - an amulet of rage (around mantle)
 D - a ring of flight (right tentacle)
 G - a cursed ring of stealth (on tentacle)
Wands
 E - a wand of random effects (21)
Scrolls
 i - 6 scrolls of remove curse
 k - 3 scrolls of teleportation
 l - 4 scrolls of immolation
 q - 3 scrolls of noise {unknown}
 r - 2 scrolls of blinking {unknown}
 s - a scroll of fear {unknown}
 u - a scroll of magic mapping {unknown}
 w - a scroll of enchant armour {unknown}
 x - 2 scrolls of amnesia {unknown}
 y - a scroll of random uselessness {unknown}
 B - a scroll of torment {unknown}
 C - 2 scrolls of identify
Potions
 f - a potion of magic
 g - a potion of degeneration {unknown}
 h - 4 potions of curing
 j - a potion of agility {unknown}
 m - 3 potions of flight
 n - a potion of heal wounds {unknown}
 t - a potion of resistance
 z - 2 potions of haste {unknown}
 A - 2 potions of invisibility {unknown}
 F - a potion of mutation {unknown}
Comestibles
 c - 12 rations


   Skills:
 - Level 4.1 Fighting
 - Level 4.1 Dodging
 - Level 2.4 Stealth
 - Level 3.8 Shields
 + Level 11.2 Unarmed Combat
 - Level 5.4 Evocations


You had 8 spell levels left.
You didn't know any spells.
Your spell library contained the following spells:

 Spells                   Type           Power        Failure   Level  Hunger
 Corona                   Hex            #......      78%         1    ##.....
 Ensorcelled Hibernation  Hex/Ice        #.....       89%         2    ###....
 Confuse                  Hex            #.......     98%         3    ####...
 Dazzling Spray           Conj/Hex       #.....       98%         3    ####...
 Tukima's Dance           Hex            #.......     98%         3    ####...


Dungeon Overview and Level Annotations

Branches:
Dungeon (8/15)             Temple (0/1) D:4
   Lair: D:8-11

Altars:
Cheibriados
Gozag
Hepliaklqana
Makhleb
Nemelex Xobeh
Okawaru
Qazlal
Ru
Wu Jian
The Shining One

Shops:
D:6 !

Annotations:
D:5 2 transporters, bmj180's ghost, novice MiFi


Innate Abilities, Weirdness & Mutations

You cannot wear most types of armour.
You are very stealthy in the water. (Stealth+)
You are amphibious.
You can wear up to eight rings at the same time.
You can use your tentacles to constrict eight enemies at once.
Your skin changes colour to match your surroundings (Stealth+).
Your rubbery body absorbs attacks. (AC +1, EV +1)


Message History

The centaur skeleton is no longer distracted by gold.
You block the wyvern skeleton's attack.
The crimson imp blinks!
You barely miss the wyvern skeleton. You tentacle-slap the wyvern skeleton!
You squeeze the wyvern skeleton!
The wyvern skeleton is heavily damaged.
The wyvern skeleton barely misses you.
The wyvern skeleton bites you but does no damage.
You barely miss the wyvern skeleton. You squeeze the wyvern skeleton!
The wyvern skeleton is severely damaged.
You block the wyvern skeleton's attack.
The wyvern skeleton becomes distracted by the nearby gold, dreaming of imaginary riches.
You barely miss the wyvern skeleton.
The wyvern skeleton is no longer distracted by gold.
The wyvern skeleton is severely damaged.
The centaur skeleton becomes distracted by the nearby gold, dreaming of imaginary riches.
The wyvern skeleton bites you!
* * * LOW HITPOINT WARNING * * *
The wyvern skeleton bites you!
You die...
Your body crumbles into a pile of gold.

♣♣♣♣ ....## #.........
....♣♣ #...# #.........
......♣ #...######...>....
.......♣##......##...Z....
........♣#..........>.....
........♣##...............
♣.$♣#.....##.....##.
#♣$.#.....##.....##.
#♣@..#..^.......#..
#.ZZ#..$.......+..
#....5.........#..
#..............#..
#......[...... #..
#.......##.... ##.
#.......#########.
.........#........
#......O.


You could see a crimson imp, a wyvern skeleton and a centaur skeleton (unaware).

Vanquished Creatures
  A hippogriff (D:8)
  Sigmund (D:3)
  2 orc warriors
  A sky beast (D:7)
  A black bear (D:8)
  An ice beast (D:6)
  A phantom (D:3)
  2 necrophages
  3 centaurs
  3 ogres
  A bullfrog (D:7)
  4 scorpions
  A water moccasin skeleton (D:7)
  2 howler monkeys
  A crimson imp (D:8)
  A bullfrog zombie (D:5)
  5 hounds
  A bullfrog skeleton (D:7)
  2 jellies
  A gnoll shaman (D:7)
  3 orc priests
  5 orc wizards
  An iguana (D:7)
  3 worker ants
  4 hound skeletons
  A worker ant zombie (D:7)
  A howler monkey skeleton (D:5)
  13 adders
  7 gnolls
  4 oozes
  3 adder zombies
  2 worms
  5 dart slugs
  2 leopard geckos
  31 orcs
  2 ball pythons (D:3)
  2 bats (D:3)
  5 giant cockroaches
  12 goblins
  9 hobgoblins
  10 jackals
  7 quokkas
  8 frilled lizards
  6 kobolds
  A quokka skeleton (D:5)
  6 rats
188 creatures vanquished.

Notes
Turn   | Place    | Note
-------+----------+-------------------------------------------
     0 | D:1      | vishdafish the Octopode Fighter began the quest for the
                  | Orb.
     0 | D:1      | Reached XP level 1. HP: 16/16 MP: 1/1
    54 | D:1      | Reached XP level 2. HP: 15/21 MP: 2/2
   305 | D:1      | Reached XP level 3. HP: 26/26 MP: 3/3
  1023 | D:3      | Noticed Sigmund
  1030 | D:3      | Killed Sigmund
  1030 | D:3      | Reached skill level 3 in Unarmed Combat
  1030 | D:3      | Reached XP level 4. HP: 33/33 MP: 4/4
  1030 | D:3      | Reached XP level 5. HP: 37/37 MP: 5/5
  1038 | D:3      | Found a hazy altar of Hepliaklqana.
  1138 | D:3      | Reached XP level 6. HP: 34/43 MP: 6/6
  1241 | D:3      | Reached skill level 1 in Evocations
  1346 | D:3      | Noticed a phantom
  1396 | D:3      | Killed a phantom
  1962 | D:3      | Reached XP level 7. HP: 47/48 MP: 9/9
  2500 | D:4      | Found a glowing golden altar of the Shining One.
  2647 | D:4      | Reached skill level 5 in Evocations
  2691 | D:4      | Found a sparkling altar of Nemelex Xobeh.
  2692 | D:4      | Found an opulent altar of Gozag.
  2698 | D:4      | Became a worshipper of Gozag Ym Sagoz the Greedy
  2803 | D:4      | Found a staircase to the Ecumenical Temple.
  2838 | D:5      | Entered Level 5 of the Dungeon
  3009 | D:5      | Reached skill level 4 in Unarmed Combat
  3095 | D:5      | Reached skill level 5 in Unarmed Combat
  3154 | D:5      | Reached XP level 8. HP: 54/54 MP: 12/12
  3275 | D:5      | Found a snail-covered altar of Cheibriados.
  3301 | D:5      | Found a transporter.
  3303 | D:5      | Found a transporter.
  3305 | D:5      | Noticed bmj180's ghost (novice MiFi)
  3409 | D:5      | Reached skill level 6 in Unarmed Combat
  3724 | D:6      | Reached skill level 7 in Unarmed Combat
  4234 | D:7      | Reached skill level 8 in Unarmed Combat
  4520 | D:7      | Reached XP level 9. HP: 50/57 MP: 13/13
  4580 | D:7      | Reached skill level 9 in Unarmed Combat
  5283 | D:7      | Found a snail-covered altar of Cheibriados.
  5288 | D:7      | Found a stormy altar of Qazlal.
  5289 | D:7      | Found an iron altar of Okawaru.
  5289 | D:7      | Found an ornate altar of the Wu Jian Council.
  5523 | D:6      | Reached skill level 10 in Unarmed Combat
  5598 | D:6      | Found a burning altar of Makhleb.
  5768 | D:6      | Found a sacrificial altar of Ru.
  5995 | D:8      | Reached skill level 11 in Unarmed Combat
  6004 | D:8      | Slain by a wyvern skeleton

Skill      XL: |  1  2  3  4  5  6  7  8  9 |
---------------+----------------------------+-----
Fighting       | 4 |  4.1
Dodging        | 4 |  4.1
Stealth        | 2 |  2.4
Unarmed Combat | 3 5 8 11 | 11.2
Evocations     | 3 5 |  5.4
Shields        | |  3.8

Action                   |  1- 3 |  4- 6 |  7- 9 || total
-------------------------+-------+-------+-------++-------
Melee: Unarmed           |    50 |   116 |   309 ||   475
       Constrict         |    16 |    34 |    65 ||   115
       Tentacles         |    13 |    18 |    67 ||    98
       Punch             |     2 |     3 |    15 ||    20
Throw: Tomahawk          |       |       |    10 ||    10
Invok: Call Merchant     |       |       |     1 ||     1
 Abil: Evoke Berserk Rag |       |     3 |     5 ||     8
  Use: Potion            |     1 |       |     1 ||     2
       Scroll            |       |       |     9 ||     9
 Stab: Sleeping          |     2 |     3 |    16 ||    21
       Distracted        |       |       |     1 ||     1
  Eat: Chunk             |       |     6 |     2 ||     8
       Ration            |       |       |     5 ||     5
Armor: Skin              |     3 |     4 |    21 ||    28
Dodge: Dodged            |    15 |    54 |   112 ||   181
Block: Shield            |    11 |    55 |    97 ||   163
